 Dungeon Crawl Stone Soup version 0.31.0-32-g396128a36d (webtiles) character file.

Game seed: 2788737900596374372

1064 601d51SH the Shield-Bearer (level 8, 0/67 HPs)
             Began as a Gnoll Fighter on Mar 31, 2024.
             Killed by nerve-wracking pain
             ... invoked by an orc priest
              (14 damage)
             ... on level 4 of the Dungeon.
             The game lasted 00:09:09 (3859 turns).

601d51SH the Shield-Bearer (Gnoll Fighter)          Turns: 3859, Time: 00:09:10

Health: 0/67       AC: 10    Str: 18    XL:     8   Next: 27%
Magic:  12/12      EV: 15    Int:  8    God:
Gold:   182        SH:  5    Dex: 11    Spells: 13/13 levels left

rFire   . . .        j - +2 sling (heavy)
rCold   + . .        c - +0 buckler
rNeg    . . .        b - +0 scale mail
rPois   .            u - +0 helmet
rElec   .            k - +0 cloak
rCorr   .            (no gloves)
SInv    .            (no boots)
Will    .....        (no amulet)
Stlth   +            t - +5 ring of evasion
HPRegen 0.31/turn    r - ring of protection from cold
MPRegen 0.13/turn

%: no passive effects
@: no status effects
A: fangs 1, strong nose, distributed training
a: no special abilities


You were on level 4 of the Dungeon.
You visited 1 branch of the dungeon, and saw 5 of its levels.

You collected 182 gold pieces.

Inventory:

Hand Weapons
 a - a +0 trident
 h - a +0 dagger of venom
 j - a +2 heavy sling (weapon)
 n - a +2 dagger of protection
 v - a +3 dagger of venom
 z - a +4 quarterstaff of chaos
Missiles
 q - 6 poisoned darts
Armour
 b - a +0 scale mail (worn)
 c - a +0 buckler (worn)
 k - a +0 cloak (worn)
 u - a +0 helmet (worn)
 B - a +2 robe of positive energy
Jewellery
 g - a ring of fire
 r - a ring of protection from cold (right hand)
 t - a +5 ring of evasion (left hand)
 x - a ring of protection from fire
 y - a ring of fire
 C - a +6 ring of strength
Wands
 m - a wand of polymorph (12)
Scrolls
 e - 5 scrolls of identify {unknown}
 i - 2 scrolls of immolation {unknown}
 w - a scroll of revelation {unknown}
 D - a scroll of vulnerability {unknown}
 E - a scroll of fear {unknown}
 G - a scroll of silence {unknown}
Potions
 d - 3 potions of might
 f - a potion of heal wounds {unknown}
 l - 2 potions of enlightenment {unknown}
 o - 3 potions of curing {unknown}
 p - 2 potions of lignification {unknown}
 A - a potion of haste {unknown}
 F - 2 potions of invisibility {unknown}
 H - a potion of ambrosia {unknown}
Miscellaneous
 s - a phantom mirror


   Skills:
 + Level 7.3 Fighting
 + Level 3.2 Short Blades
 + Level 3.2 Long Blades
 + Level 3.2 Axes
 + Level 3.2 Maces & Flails
 + Level 5.6 Polearms
 + Level 3.2 Staves
 + Level 3.2 Ranged Weapons
 + Level 3.2 Throwing
 + Level 7.3 Armour
 + Level 3.2 Dodging
 + Level 3.2 Stealth
 + Level 7.3 Shields
 + Level 3.2 Unarmed Combat
 + Level 3.2 Spellcasting
 + Level 2.6 Conjurations
 + Level 2.6 Hexes
 + Level 2.6 Summonings
 + Level 2.6 Necromancy
 + Level 2.6 Translocations
 + Level 2.6 Fire Magic
 + Level 2.6 Ice Magic
 + Level 2.6 Air Magic
 + Level 2.6 Earth Magic
 + Level 2.6 Alchemy
 + Level 3.5 Invocations
 + Level 3.2 Evocations
 + Level 2.9 Shapeshifting


You had 13 spell levels left.
You didn't know any spells.
Your spell library contained the following spells:

 Spells                   Type           Power      Damage    Failure   Level
 Freeze                   Ice            20%        1d4       36%         1
 Frozen Ramparts          Ice            10%        1d2       73%         3
 Hailstorm                Conj/Ice       5%         3d5       73%         3
 Tukima's Dance           Hex            5%         N/A       73%         3
 Passage of Golubria      Tloc           5%         N/A       98%         4
 Yara's Violent Unravell  Hex/Alch       2%         3d3       100%        5


Dungeon Overview and Level Annotations

Branches:
Dungeon (5/15)
 Temple: D:4-7

Altars:
Trog
Yredelemnul
The Shining One


Innate Abilities, Weirdness & Mutations

You have very sharp teeth.
Your uncanny sense of smell can sniff out nearby items.
Your experience applies equally to all skills.


Message History

The sling bullet closely misses the water moccasin.
You feel extremely sick. You block the water moccasin's attack.
You block the orc priest's attack.
The water moccasin bites you but does no damage.
The orc priest hits you but does no damage.
The water moccasin bites you but does no damage.
You shoot a sling bullet.
The sling bullet hits the water moccasin.
The water moccasin is moderately wounded.
You feel very sick. You block the water moccasin's attack.
The orc priest hits you but does no damage.
The water moccasin bites you.
* * * LOW HITPOINT WARNING * * *
The orc priest closely misses you. The water moccasin barely misses you.
You shoot a sling bullet.
The sling bullet barely misses the water moccasin.
You feel sick.
The orc priest hits you but does no damage.
The water moccasin misses you. The orc priest barely misses you.
The water moccasin misses you.
The orc priest miscasts a cantrip.
You shoot a sling bullet.
The sling bullet barely misses the water moccasin.
You feel sick. The water moccasin misses you.
You block the water moccasin's attack.
The orc priest invokes the aid of Beogh against you.
You struggle to resist.
The water moccasin closely misses you.
You shoot a sling bullet.
The sling bullet hits the water moccasin!
The water moccasin is severely wounded.
You feel sick.
You are no longer poisoned.
You block the water moccasin's attack.
The orc priest begins to cast a cantrip, but forgets the words!
The water moccasin barely misses you. The orc priest barely misses you.
The water moccasin bites you but does no damage.
The orc priest calls down the wrath of Beogh upon you.
Pain shoots through your body!
You die...

#.##.#
#.##..####
#.##.##
#.##..# #
#.....#
#####.##..# #
####..#
#.........# #
#..#
#.###.##.#####
#..###.#
#.##......
#.)....#
#.##.#####
##S#####
#.##.# #@#
#.##.# #o#
#.##.# #)#
#.##.### #)#
##.##...###
#.#
#...#......
#.#
###.#......##
#.#
#.......#..#
#.#
#.#######..#
#.# #.# #..#


You could see a water moccasin and an orc priest.

Vanquished Creatures
  Grinder (D:3)
  An ice beast (D:3)
  A black bear (D:4)
  2 ogres (D:4)
  2 phantoms
  A scorpion (D:4)
  An orc priest (D:4)
  A hound (D:4)
  Crazy Yiuf (D:3)
  Terence (D:2)
  2 iguanas (D:4)
  An orc wizard (D:4)
  3 adders (D:2)
  2 dart slugs
  A ribbon worm (D:3)
  5 orcs
  5 endoplasms
  A giant cockroach (D:3)
  10 goblins
  9 hobgoblins
  3 jackals (D:1)
  4 quokkas
  6 ball pythons
  7 bats
  4 frilled lizards
  8 kobolds
  14 rats
97 creatures vanquished.

Notes
Turn   | Place    | Note
-------+----------+-------------------------------------------
     0 | D:1      | 601d51SH the Gnoll Fighter began the quest for the Orb.
     0 | D:1      | Reached XP level 1. HP: 23/23 MP: 1/1
    48 | D:1      | Reached XP level 2. HP: 25/29 MP: 2/2
   173 | D:1      | You fall into a shaft and drop 1 floor!
   173 | D:2      | Found a basalt altar of Yredelemnul.
   222 | D:2      | Noticed Terence
   230 | D:2      | Killed Terence
   231 | D:2      | Reached skill level 1 in Invocations
   231 | D:2      | Reached XP level 3. HP: 27/35 MP: 2/4
   325 | D:2      | Reached skill level 1 in Short Blades
   325 | D:2      | Reached skill level 1 in Long Blades
   325 | D:2      | Reached skill level 1 in Axes
   325 | D:2      | Reached skill level 1 in Maces & Flails
   325 | D:2      | Reached skill level 1 in Staves
   325 | D:2      | Reached skill level 1 in Ranged Weapons
   325 | D:2      | Reached skill level 1 in Throwing
   325 | D:2      | Reached skill level 1 in Dodging
   325 | D:2      | Reached skill level 1 in Stealth
   325 | D:2      | Reached skill level 1 in Unarmed Combat
   325 | D:2      | Reached skill level 1 in Spellcasting
   325 | D:2      | Reached skill level 1 in Evocations
   408 | D:2      | Reached skill level 1 in Shapeshifting
   408 | D:2      | Reached XP level 4. HP: 41/41 MP: 5/5
   548 | D:2      | Reached skill level 1 in Conjurations
   548 | D:2      | Reached skill level 1 in Hexes
   548 | D:2      | Reached skill level 1 in Summonings
   548 | D:2      | Reached skill level 1 in Necromancy
   548 | D:2      | Reached skill level 1 in Translocations
   548 | D:2      | Reached skill level 1 in Fire Magic
   548 | D:2      | Reached skill level 1 in Ice Magic
   548 | D:2      | Reached skill level 1 in Air Magic
   548 | D:2      | Reached skill level 1 in Earth Magic
   548 | D:2      | Reached skill level 1 in Alchemy
  1561 | D:3      | Found a faded altar of an unknown god.
  1631 | D:3      | Found a runed translucent door.
  1632 | D:3      | Noticed Crazy Yiuf
  1724 | D:3      | Reached XP level 5. HP: 47/47 MP: 7/7
  2042 | D:3      | Noticed a phantom
  2051 | D:3      | Killed a phantom
  2067 | D:3      | Noticed an ice beast
  2076 | D:3      | Killed an ice beast
  2077 | D:3      | Reached skill level 5 in Polearms
  2077 | D:3      | Reached XP level 6. HP: 44/53 MP: 7/9
  2252 | D:3      | Noticed Grinder
  2254 | D:3      | Paralysed by Grinder for 5 turns
  2262 | D:3      | Killed Grinder
  2263 | D:3      | Reached XP level 7. HP: 30/60 MP: 10/10
  2509 | D:3      | Killed Crazy Yiuf
  3165 | D:4      | Found a glowing golden altar of the Shining One.
  3185 | D:4      | Reached XP level 8. HP: 51/67 MP: 12/12
  3304 | D:4      | Found a bloodstained altar of Trog.
  3610 | D:5      | Entered Level 5 of the Dungeon
  3859 | D:4      | Killed from afar by an orc priest

Illustrated notes

Levels and vault maps discovered:
D:1:      scummos_arrival_star, layout_basic, minmay_misc_feat_cross
D:2:      layout_basic, basic_altar, minivault_11, feat_on_display, uniq_terence
D:3:      layout_basic, basic_ecumenical_altar, minmay_checkerbox,
          uniq_crazy_yiuf_cottage, uniq_grinder
D:4:      layout_loops_ring, mainiacjoe_overflow_tiny_flanked,
          lemuel_round_altar, hangedman_abyss_or_decor_slice, bh_walls_and_bars
D:5:      layout_loops_ring

Skill      XL: |  1  2  3  4  5  6  7 |
---------------+----------------------+-----
Invocations    | 1 2 3 |  3.5
Short Blades   | 1 2 3 |  3.2
Long Blades    | 1 2 3 |  3.2
Axes           | 1 2 3 |  3.2
Maces & Flails | 1 2 3 |  3.2
Staves         | 1 2 3 |  3.2
Ranged Weapons | 1 2 3 |  3.2
Throwing       | 1 2 3 |  3.2
Dodging        | 1 2 3 |  3.2
Stealth        | 1 2 3 |  3.2
Unarmed Combat | 1 2 3 |  3.2
Spellcasting   | 1 2 3 |  3.2
Evocations     | 1 2 3 |  3.2
Shapeshifting  | 1 2 |  2.9
Conjurations   | 1 2 |  2.6
Hexes          | 1 2 |  2.6
Summonings     | 1 2 |  2.6
Necromancy     | 1 2 |  2.6
Translocations | 1 2 |  2.6
Fire Magic     | 1 2 |  2.6
Ice Magic      | 1 2 |  2.6
Air Magic      | 1 2 |  2.6
Earth Magic    | 1 2 |  2.6
Alchemy        | 1 2 |  2.6
Polearms       | 5 |  5.6
Fighting       | 7 |  7.3
Armour         | 7 |  7.3
Shields        | 7 |  7.3

Action                     |  1- 3 |  4- 6 |  7- 9 || total
---------------------------+-------+-------+-------++-------
  Melee: Trident           |    59 |       |       ||    59
         Bite              |     5 |       |       ||     5
   Fire: Sling             |     2 |   149 |    74 ||   225
 Armour: Scale mail        |    29 |    63 |    78 ||   170
  Dodge: Dodged            |    21 |    76 |    97 ||   194
  Block: Buckler           |    15 |    32 |    43 ||    90
